 Dungeon Crawl Stone Soup version 0.31-a0-325-g067879e3d3 (webtiles) character file.

Game seed: 2851676481379815719

107 Newt the Trooper (level 4, 0/39 HPs)
             Began as a Barachi Fighter on July 18, 2023.
             Slain by Pikel
             ... wielding a +0 whip of flaming
              (6 damage)
             ... on level 4 of the Dungeon.
             The game lasted 00:03:22 (3107 turns).

Newt the Trooper (Barachi Fighter)                  Turns: 3107, Time: 00:03:23

Health: 0/39       AC:  8    Str: 19    XL:     4   Next: 86%
Magic:  4/4        EV:  9    Int:  8    God:
Gold:   81         SH:  4    Dex: 12    Spells: 3/3 levels left

rFire   . . .        a - +1 long sword
rCold   . . .        c - +0 buckler
rNeg    . . .        b - +0 scale mail
rPois   .            (no helmet)
rElec   .            e - +0 cloak
rCorr   .            (no gloves)
SInv    .            (no boots)
Will    .....        (no amulet) Stlth
                     (no ring)
HPRegen 0.26/turn    (no ring)
MPRegen 0.09/turn

%: no passive effects
@: mighty, hasted, quick
A: amphibious, slowness 1, strong legs 1, +LOS
a: Hop


You were on level 4 of the Dungeon.
You visited 1 branch of the dungeon, and saw 4 of its levels.

You collected 81 gold pieces.

Inventory:

Hand Weapons
 a - a +1 long sword (weapon)
Missiles
 j - 14 poisoned darts
 k - 5 javelins
Armour
 b - a +0 scale mail (worn)
 c - a +0 buckler (worn)
 e - a +0 cloak (worn)
Scrolls
 l - a scroll of teleportation
Potions
 g - 2 potions of heal wounds {unknown}
 h - 2 potions of haste
 i - 2 potions of enlightenment {unknown}
 m - a potion of ambrosia {unknown}
 n - 2 potions of brilliance {unknown}


   Skills:
 - Level 5.0 Fighting
 + Level 4.8 Long Blades
 - Level 3.6 Armour
 - Level 3.2 Shields


You had 3 spell levels left.
You didn't know any spells.
Your spell library was empty.

Dungeon Overview and Level Annotations

Branches:
Dungeon (4/15)
 Temple: D:4-7

Altars:
Ashenzari
Vehumet
Yredelemnul

Shops:
D:2 [   D:4 [

Annotations:
D:4 Pikel


Innate Abilities, Weirdness & Mutations

You are amphibious.
You cover ground slowly.
You can hop short distances.
You have an extended range of vision and can be seen from far away.


Message History

You barely miss the lemure.
The lemure is almost dead.
The lemure barely misses you.
You barely miss the lemure.
The lemure is almost dead.
The lemure closely misses you.
You barely miss the lemure.
The lemure is almost dead.
You are ready to hop once more.
The lemure hits you but does no damage.
You slash the lemure!
You kill the lemure!
That felt strangely unrewarding.
You slash the lemure!
The lemure is heavily wounded.
You closely miss the lemure.
The lemure is heavily wounded.
You block the lemure's attack.
You slash the lemure!
The lemure is almost dead.
The lemure hits you.
* * * LOW HITPOINT WARNING * * *
You barely miss the lemure.
The lemure is severely wounded.
The lemure misses you.
You closely miss the lemure.
The lemure is severely wounded.
You slash the lemure!
You kill the lemure!
That felt strangely unrewarding.
You slash Pikel!
Pikel is moderately wounded.
You block Pikel's attack.
You miss Pikel.
Pikel is moderately wounded.
Pikel closely misses you.
You slash Pikel!
Pikel is heavily wounded.
Pikel hits you with a +0 whip of flaming.
You die...

# #.### )..## #.8##
##...##### #8.<(8...#
######## ##.....#.#
####...K@.# ##.∩..##.#
#....####.######.....##.#
#.#### #.......8.>.8..J#
#.# ###.........#)### #5#
####.#####.8##.# #5#
#..gg...#.#....# #.#
#........##.J.## #.#
#.......#.#g..# #.#
#.......##.#.##


You could see Pikel.

Vanquished Creatures
  3 lemures (D:4)
  3 adders
  2 dart slugs
  4 orcs
  5 endoplasms
  2 giant cockroaches
  6 hobgoblins
  3 jackals (D:1)
  8 quokkas
  5 ball pythons
  10 bats
  3 frilled lizards
  6 goblins
  2 kobolds
  10 rats
  A spectral orc (D:3)
73 creatures vanquished.

Notes
Turn   | Place    | Note
-------+----------+-------------------------------------------
     0 | D:1      | Newt the Barachi Fighter began the quest for the Orb.
     0 | D:1      | Reached XP level 1. HP: 18/18 MP: 1/1
   115 | D:1      | Reached skill level 4 in Fighting
   123 | D:1      | Reached XP level 2. HP: 25/25 MP: 2/2
   602 | D:1      | Reached XP level 3. HP: 30/32 MP: 3/3
   638 | D:1      | Reached skill level 5 in Fighting
   723 | D:1      | Found a faded altar of an unknown god.
   990 | D:2      | Found Duwyps's Armour Shop.
  1481 | D:2      | Reached XP level 4. HP: 35/39 MP: 4/4
  2459 | D:3      | Found a broken altar of Ashenzari.
  2734 | D:3      | Found a radiant altar of Vehumet.
  2930 | D:3      | Found a basalt altar of Yredelemnul.
  2988 | D:4      | Found Okkuuciu's Antique Armour Emporium.
  3048 | D:4      | Noticed a lemure
  3048 | D:4      | Noticed a lemure
  3056 | D:4      | Noticed a lemure
  3058 | D:4      | Noticed a lemure
  3059 | D:4      | Noticed Pikel
  3090 | D:4      | Killed a lemure
  3098 | D:4      | Killed a lemure
  3104 | D:4      | Killed a lemure
  3107 | D:4      | Slain by Pikel

Illustrated notes

Levels and vault maps discovered:
D:1:      tarquinn_simple_flora_water_e, layout_basic,
          nicolae_ecumenical_snake_handling, serial_forest,
          infiniplex_forest_clump_small, infiniplex_forest_clump_tiny,
          infiniplex_forest_zigzag_2, infiniplex_forest_straight_3,
          infiniplex_forest_clump_diagonal, infiniplex_forest_lined_room_3,
          infiniplex_forest_lined_corner
D:2:      minmay_skewed_foursquare, layout_basic, serial_shops, shop
D:3:      layout_loops_ring, nicolae_overflow_crystal_walls,
          yredelemnul_forgotten_temple_becter, mainiacjoe_overflow_tiny_flanked,
          serial_bayou, serial_bayou_crossing, serial_bayou_pond_c,
          serial_bayou_pond_e, serial_bayou_lagoon_a,
          ebering_dispersal_statue_hall
D:4:      layout_loops_cross, serial_shops, nicolae_stop_n_shop_2,
          minmay_snake_closets, uniq_duvessa, uniq_robin, uniq_pikel

Skill      XL: |  1  2  3  4 |
---------------+-------------+-----
Fighting       | 4 5 |  5.0
Long Blades    | 3 4 |  4.8
Armour         | |  3.6
Shields        | |  3.2

Action                     |  1- 3 |  4- 6 || total
---------------------------+-------+-------++-------
  Melee: Long sword        |   123 |   123 ||   246
Ability: Hop               |       |     1 ||     1
    Use: Scroll            |     4 |     4 ||     8
         Potion            |       |     3 ||     3
 Armour: Scale mail        |    83 |    50 ||   133
  Dodge: Dodged            |    63 |    43 ||   106
  Block: Buckler           |    34 |    18 ||    52

Table legend: (Time is in decaauts)
 A = Elapsed time spent in this place.
 B = Non-inter-level travel time spent in this place.
 C = Inter-level travel time spent in this place.
 D = Time resting spent in this place.
 E = Time spent auto-exploring this place.
 F = Levels seen in this place.
 G = Mean time per level.
                   A        B        C        D        E       F      G
               +--------+--------+--------+--------+--------+-----+--------+
         Total |   3645 |   3337 |    308 |      0 |   2747 |   4 |  911.2 |
       Dungeon |   3645 |   3337 |    308 |      0 |   2747 |   4 |  911.2 |
               +--------+--------+--------+--------+--------+-----+--------+

Top non-repeatable levels by time:
     D:2: 1356 daAuts
     D:1: 1147 daAuts
     D:3: 1012 daAuts
     D:4: 129 daAuts
